 Dungeon Crawl Stone Soup version 0.25-a0-353-ged6d54792d (webtiles) character file.

Game seed: 6999073987752204984, levelgen mode: deterministic

353182 kipponium the Warrior (level 21, -14/169 HPs)
             Began as a Demonspawn Fire Elementalist on Jan 3, 2020.
             Was the Champion of Nemelex Xobeh.
             Killed by the air
             ... invoked by a spriggan air mage
              (22 damage)
             ... on level 4 of the Depths.
             The game lasted 06:20:01 (70658 turns).

kipponium the Warrior (DsFE)                       Turns: 70658, Time: 06:20:02

Health: -14/169    AC:  9    Str:  8    XL:     21   Next: 33%
Magic:  0/48       EV: 20    Int: 34    God:    Nemelex Xobeh [******]
Gold:   3125       SH: 14    Dex: 17    Spells: 16/48 levels left

rFire    + + +     SeeInvis +   b - +6 dagger (elec)
rCold    . . .     Gourm    .   m - +1 shield {reflect}
rNeg     + . .     Faith    .   E - +2 robe {rC+ rF+}
rPois    +         Spirit   +   (helmet unavailable)
rElec    .         Reflect  +   x - +2 cloak
rCorr    .         Harm     .   w - +1 pair of gloves {Dex+3}
MR       +++++     Clarity  +   (boots unavailable)
Stlth    ++++......             U - amulet of the Four Winds {rN+ MR+++ Clar}
HPRegen  0.38/turn              X - ring of Fial {MR+ MP+9 Int+4}
MPRegen  0.62/turn              L - ring "Xadiwk" {Fire rPois Str-3 Int+6}

@: no status effects
A: antennae 3, claws 2, hooves 3, fire resistance 1, ignite blood, magic shield,
magic regeneration, magic link, flame cloud immunity
}: 2/15 runes: serpentine, barnacled
a: Draw Escape, Draw Destruction, Draw Summoning, Draw Stack, Triple Draw, Deal
Four, Stack Five, Renounce Religion


You were on level 4 of the Depths.
You worshipped Nemelex Xobeh.
Nemelex Xobeh was exalted by your worship.
You were not hungry.

You visited 7 branches of the dungeon, and saw 36 of its levels.
You also visited: Ice Cave and Wizlab.

You collected 4668 gold pieces.
You spent 1543 gold pieces at shops.

Inventory:

Hand Weapons
 b - a +6 dagger of electrocution (weapon)
Armour
 e - the +0 robe "Xounk" {rElec rPois}
   (You bought it in a shop on level 2 of the Orcish Mines)

   It insulates you from electricity.
   It protects you from poison.
 m - a +1 shield of reflection (worn)
 w - a +1 pair of gloves of dexterity (worn)
 x - a +2 cloak (worn)
 E - a +2 robe of resistance (worn)
 M - the +5 leather armour of Cowardice {*Drain +Blink rElec rN+}
   (You found it on level 13 of the Dungeon)

   It insulates you from electricity.
   It protects you from negative energy.
   It lets you blink.
   It causes draining when unequipped.
Jewellery
 g - an uncursed ring of see invisible
 t - the ring "Koggi" {rC+ Int+2}
   (You found it in an ice cave)

   [ring of intelligence]

   It affects your intelligence (+2).
   It protects you from cold.
 u - an uncursed ring of positive energy
 v - an uncursed ring of resist corrosion
 L - the ring "Xadiwk" (right hand) {Fire rPois Str-3 Int+6}
   (You found it in an ice cave)

   [ring of fire]

   It enhances your fire magic.
   It affects your strength (-3).
   It affects your intelligence (+6).
   It protects you from fire.
   It makes you vulnerable to cold.
   It protects you from poison.
 S - the ring of Elaxeruo {*Tele Int+3 Dex+7}
   (You took it off a vampire knight on level 4 of the Depths)

   [ring of teleportation]

   It may teleport you next to monsters.
   It affects your intelligence (+3).
   It affects your dexterity (+7).
 U - the amulet of the Four Winds (around neck) {rN+ MR+++ Clar}
   (You found it on level 2 of the Lair of Beasts)

   [amulet of nothing]

   It protects you from negative energy.
   It affects your resistance to hostile enchantments.
   It protects you against confusion.
 X - the ring of Fial (left hand) {MR+ MP+9 Int+4}
   (You found it in an ice cave)

   [ring of protection from magic]

   It affects your intelligence (+4).
   It affects your resistance to hostile enchantments.
   It affects your magic capacity (+9).
Wands
 i - a wand of acid (24)
 q - a wand of enslavement (22)
 B - a wand of clouds (8)
 C - a wand of digging (5)
 F - a wand of polymorph (24)
 I - a wand of iceblast (16)
 R - a wand of disintegration (7)
 T - a wand of paralysis (36)
Scrolls
 h - 17 scrolls of remove curse
 j - 5 scrolls of immolation
 k - 10 scrolls of identify
 l - 12 scrolls of teleportation
 n - 2 scrolls of magic mapping
 p - 3 scrolls of fog
 y - 12 scrolls of amnesia
 A - a scroll of acquirement
 N - a scroll of enchant weapon
 P - 3 scrolls of silence
 V - a scroll of enchant armour
 Z - 2 scrolls of blinking
Potions
 a - 3 potions of resistance
 f - 6 potions of flight
 r - 5 potions of mutation
 s - a potion of invisibility
 z - 2 potions of curing
 D - a potion of cancellation
 H - 2 potions of lignification
 J - 9 potions of might
 K - 4 potions of agility
 O - 9 potions of magic
 Q - 5 potions of haste
 W - 4 potions of brilliance
Miscellaneous
 d - 2 phantom mirrors
 o - a crystal ball of energy
Comestibles
 c - 33 rations
 G - 5 chunks of flesh


   Skills:
 + Level 15.4 Fighting
 - Level 10.0 Short Blades
 + Level 10.3 Dodging
 - Level 10.0 Stealth
 - Level 15.0 Shields
 - Level 10.0 Unarmed Combat
 - Level 14.0 Spellcasting
 - Level 10.0 Conjurations
 - Level 2.0 Hexes
 - Level 2.0 Charms
 - Level 2.0 Necromancy
 - Level 15.0 Fire Magic
 - Level 3.0 Earth Magic
 * Level 9.3 Invocations


You had 16 spell levels left.
You knew the following spells:

 Your Spells              Type           Power        Failure   Level  Hunger
a - Foxfire               Conj/Fire      ####         0%          1    None
b - Inner Flame           Hex/Fire       #######.     1%          3    None
c - Conjure Flame         Conj/Fire      ########     1%          3    None
d - Sticky Flame          Conj/Fire      ########     1%          4    None
e - Fireball              Conj/Fire      ########..   1%          5    None
f - Bolt of Magma         Conj/Fire/Erth #######...   1%          5    None
g - Starburst             Conj/Fire      ########..   1%          6    ###....
h - Blink                 Tloc           N/A          2%          2    None
i - Regeneration          Chrm/Necr      #####.....   2%          3    None

Your spell library contained the following spells:

 Spells                   Type           Power        Failure   Level  Hunger
 Animate Skeleton         Necr           N/A          1%          1    None
 Freeze                   Ice            ###.         1%          1    None
 Magic Dart               Conj           ####         1%          1    None
 Pain                     Necr           ####         1%          1    None
 Sting                    Tmut/Pois      ###.         1%          1    None
 Summon Butterflies       Summ           ###.....     1%          1    None
 Summon Small Mammal      Summ           ###.         1%          1    None
 Searing Ray              Conj           ######       1%          2    None
 Shroud of Golubria       Chrm/Tloc      ####..       1%          2    None
 Dazzling Flash           Conj/Hex       ######       1%          3    None
 Ignite Poison            Fire/Tmut/Pois ######..     1%          3    None
 Static Discharge         Conj/Air       ######..     1%          3    None
 Fulminant Prism          Conj/Hex       ######....   1%          4    None
 Call Imp                 Summ           ###.....     2%          2    None
 Sticks to Snakes         Tmut           ###.....     2%          2    None
 Vampiric Draining        Necr           #####.....   2%          3    None
 Hailstorm                Conj/Ice       ######..     2%          4    None
 Iskenderun's Mystic Bla  Conj/Tloc      ######..     2%          4    None
 Ozocubu's Armour         Chrm/Ice       ####....     3%          3    None
 Summon Guardian Golem    Hex/Summ       ####....     3%          3    None
 Iskenderun's Battlesphe  Conj/Chrm      ######..     4%          5    None
 Call Canine Familiar     Summ           ###.....     5%          3    None
 Gell's Gravitas          Tloc           ###.......   5%          3    None
 Lesser Beckoning         Tloc           ###.......   5%          3    None
 Teleport Other           Tloc           ###.....     5%          3    None
 Irradiate                Conj/Tmut      ######....   6%          5    None
 Lightning Bolt           Conj/Air       ######....   6%          5    None
 Animate Dead             Necr           N/A          8%          4    None
 Cause Fear               Hex            #####.....   8%          4    None
 Ice Form                 Ice/Tmut       ###.....     17%         4    None
 Passage of Golubria      Tloc           N/A          17%         4    None
 Summon Ice Beast         Ice/Summ       ###.....     17%         4    None
 Summon Lightning Spire   Summ/Air       ###.....     17%         4    None
 Iron Shot                Conj/Erth      ######....   19%         6    ###....
 Orb of Destruction       Conj           #######...   24%         7    #####..
 Ignition                 Fire           ########..   24%         8    ######.
 Metabolic Englaciation   Hex/Ice        ####......   32%         5    None
 Silence                  Hex/Air        ####......   32%         5    None
 Summon Mana Viper        Hex/Summ       ####....     32%         5    None
 Conjure Ball Lightning   Conj/Air       ######....   34%         6    ###....
 Ring of Flames           Chrm/Fire      #######...   41%         7    #####..
 Alistair's Intoxication  Tmut/Pois      ###.....     43%         5    None
 Freezing Cloud           Conj/Ice/Air   #####.....   56%         6    ###....
 Statue Form              Tmut/Erth      ####.....    82%         6    ###....
 Deflect Missiles         Chrm/Air       ####......   87%         6    ###....
 Simulacrum               Ice/Necr       ####......   87%         6    ###....
 Spellforged Servitor     Conj/Summ      ######....   88%         7    #####..
 Ozocubu's Refrigeration  Ice            ###.......   95%         6    ###....
 Dragon Form              Tmut           ###.......   100%        7    #####..
 Haunt                    Necr/Summ      ####......   100%        7    #####..
 Summon Hydra             Summ           ###.......   100%        7    #####..
 Borgnjor's Revivificati  Necr           #####.....   100%        8    ######.
 Death's Door             Chrm/Necr      #####.....   100%        8    ######.
 Infestation              Necr           #####.....   100%        8    ######.
 Necromutation            Tmut/Necr      ####......   100%        8    ######.
 Dragon's Call            Summ           ###.......   100%        9    #######
 Shatter                  Erth           #####.....   100%        9    #######
 Tornado                  Air            ###.......   100%        9    #######


Dungeon Overview and Level Annotations

Branches:
Dungeon (15/15)            Temple (1/1) D:6            Lair (6/6) D:11
 Shoals (4/4) Lair:4        Snake (4/4) Lair:4        Slime (0/5) Lair:6
    Orc (2/2) D:11            Elf (0/3) Orc:2        Vaults (0/5) D:13
 Depths (4/5) D:15          IceCv (visited)          WizLab (visited)

Altars:
Ashenzari
Cheibriados
Dithmenos
Elyvilon
Fedhas
Gozag
Hepliaklqana
Kikubaaqudgha
Makhleb
Nemelex Xobeh
Okawaru
Qazlal
Ru
Sif Muna
Trog
Uskayaw
Vehumet
Wu Jian
Xom
Yredelemnul
Zin
The Shining One
Beogh
Jiyva

Shops:
D:5 [   Orc:2 (=[}   Snake:1 (   Snake:2 =}=   Snake:3 }[*   Depths:3 *

Portals:
Hell: Depths:1 Depths:2 Depths:3 Depths:4
Abyss: Depths:2
Pandemonium: Depths:3
Ziggurat: Depths:1

Annotations:
Depths:3 3 runed translucent doors, exclusion: obsidian statue, Nedwecyt's ghost, journeyman DsAs


Innate Abilities, Weirdness & Mutations

You have a pair of large antennae on your head. (SInv)
You have very sharp fingernails.
You have hooves in place of feet.
Your flesh is heat resistant. (rF+)
Your demonic aura causes spilled blood to erupt in flames.
When hurt, damage is shared between your health and your magic reserves.
You regenerate magic rapidly.
When low on magic, you restore magic in place of health.
You are immune to clouds of flame.


Message History

You draw a card...
You have drawn Vitriol.
Press: ? - help, Shift-Dir - straight line, f - spriggan air mage
Aim: a spriggan air mage, wearing a +0 robe (deflecting missiles)
The bolt of acid misses the spriggan air mage.
Casting: Sticky Flame (safe; 1% risk of failure)
Confirm with . or Enter, or press ? or * to list all spells.
Aiming: Bolt of Magma (safe; 1% risk of failure)
Press: ? - help, Shift-Dir - straight line, f/p - spriggan air mage
Aim: a spriggan air mage, wearing a +0 robe (deflecting missiles)
You feel a surge of power!
The bolt of magma misses the spriggan air mage.
The spriggan air mage waves its arms in wide circles.
The air twists around and strikes you!!
* * * LOW HITPOINT WARNING * * *
You draw a card...
You have drawn Foxfire.
The spriggan air mage waves its arms in wide circles.
The air twists around and strikes you!!
You die...
Your body disappears without a glow.

#. #.#[#..............[#
##.###(##((#..#...#####(#
##.#..[[.##....#...# #.#
#.#i..(#..##...#...# #)#
#..##.##..##..#...# #)#
......#.#....#..#...#
#)##
...##.#...##.#..#...#
##..# {{.
#.....i##l#..##### #≈..#
##.#..).#.l@.#..# #≈§(.
#.).(..#..l.#.># ##≈≈^.
#######..(..#lll##.##
##≈≈≈..
##.....##(...#..##..#
##≈≈≈...
#..###..##.....##..###
#.≈≈≈)..
..#...#..#######.....#
##..≈≈...
.#..####.........#####
##...≈≈≈..
##..##############
###....≈≈≈.. .#..........
#.....§≈≈≈§.


You could see a spriggan air mage and 6 friendly wyverns.

Vanquished Creatures
  An ancient lich (WizLab)
  Mara (Snake:3)
  Vashnia (Snake:4)
  Nikola (Snake:3)
  A tentacled monstrosity (Depths:2)
  A titan (Depths:4)
  2 liches (Depths:3)
  2 sphinxes
  Gastronok (D:8)
  Polyphemus (Shoals:3)
  A tengu reaver (Depths:4)
  Agnes (Snake:1)
  A shadow dragon (Depths:1)
  Donald (Snake:3)
  6 fire giants
  Ilsuiw (Shoals:2)
  12 nagarajas
  8 frost giants
  A deep elf elementalist (Depths:2)
  A spriggan defender (Depths:3)
  9 stone giants
  4 vampire knights (Depths:4)
  19 very ugly things
  10 ettins
  A spark wasp (Depths:3)
  9 merfolk impalers
  A mummy priest (WizLab)
  A green death (Depths:3)
  5 merfolk javelineers
  7 fire dragons
  Josephine (D:12)
  5 great orbs of eyes
  6 yaktaur captains
  3 ogre magi
  A deep elf high priest (Depths:2)
  9 ice dragons
  2 rakshasas
  4 merfolk avatars
  6 naga warriors
  A hell beast (Depths:1)
  8 hydras
  Harold (D:8)
  2 spriggan air magi
  21 anacondas
  5 merfolk aquamancers
  A catoblepas (Shoals:3)
  6 centaur warriors
  2 alligator snapping turtles (Shoals:4)
  A two-headed ogre (shapeshifter) (Depths:4)
  A death knight (D:13)
  2 satyrs (Shoals:4)
  2 death yaks
  5 deep troll shamans
  8 two-headed ogres
  7 orc high priests (Orc:2)
  7 deep troll earth magi
  2 tengu warriors
  2 vampire magi
  17 naga sharpshooters
  5 spriggan berserkers
  9 shock serpents
  4 hell knights (Depths:4)
  Urug (D:12)
  A soul eater (Depths:3)
  4 salamander mystics
  A sun demon (Depths:1)
  4 unseen horrors
  14 sea snakes
  3 skeletal warriors
  An iron troll (Depths:2)
  14 deep trolls
  4 glowing orange brains
  5 wizards
  A phantasmal warrior (D:13)
  Pikel (D:8)
  13 naga ritualists
  A lindwurm (Lair:6)
  5 necromancers
  5 large abominations (D:14)
  4 harpies (Shoals:1)
  A sphinx zombie (WizLab)
  2 deep elf magi (D:15)
  A stone giant zombie (WizLab)
  An orc knight (Orc:2)
  14 fauns
  7 salamanders
  An oklob plant (D:11)
  16 manticores
  11 mana vipers
  An orc sorcerer (Orc:1)
  2 fire giant zombies (WizLab)
  A frost giant zombie (Depths:1)
  5 elephants (Lair:6)
  13 merfolk sirens
  30 ugly things
  5 cyclopes
  37 black mambas
  2 centaur zombies
  11 guardian serpents
  Psyche (D:11)
  An iron dragon skeleton (Depths:4)
  2 demonspawn zombies (WizLab)
  20 naga magi
  A fire giant skeleton (Depths:1)
  A smoke demon (Depths:4)
  A torpor snail (Lair:4)
  2 ice statues (IceCv)
  8 water nymphs
  2 orange demons (Depths:3)
  A molten gargoyle (D:14)
  A gargoyle (D:13)
  5 spiny frogs
  10 rime drakes
  4 freezing wraiths
  2 hellwings (Depths:4)
  6 komodo dragons
  19 yaktaurs
  2 red devils
  2 spark wasp simulacra
  A tengu conjurer (D:15)
  3 guardian mummies (WizLab)
  7 hornets
  9 trolls
  2 polar bears (Lair:6)
  A polar bear (shapeshifter) (D:14)
  6 wind drakes
  22 merfolk
  An ice dragon zombie (WizLab)
  13 dream sheep
  A spriggan zombie (WizLab)
  20 hippogriffs
  6 blink frogs
  Prince Ribbit (D:5)
  7 slime creatures
  10 snapping turtles
  A flying skull (Depths:1)
  12 spriggans
  A fire dragon skeleton (Depths:1)
  Sigmund (D:4)
  7 small abominations (D:14)
  A vampire (D:11)
  7 wraiths
  A shadow (D:14)
  56 yaks
  12 water elementals
  7 wyverns
  2 hogs (shapeshifter)
  A fire elemental (Lair:6)
  5 basilisks
  3 hungry ghosts
  5 vampire mosquitoes
  An elf simulacrum (Depths:4)
  2 tengu zombies (WizLab)
  56 nagas
  An acid dragon (D:11)
  8 wargs
  2 soldier ants
  2 acid dragons (shapeshifter)
  16 water moccasins
  A floating eye (Depths:4)
  7 black bears
  31 orc warriors
  2 porcupines
  6 sky beasts
  15 ogres
  An eye of draining (D:8)
  17 ice beasts
  A necrophage (D:7)
  4 phantoms
  8 boggarts
  3 slaves (D:8)
  37 wolves
  15 centaurs
  8 crocodiles
  2 big kobolds
  20 bullfrogs
  A big kobold (shapeshifter) (Depths:4)
  2 wyvern skeletons
  4 scorpions
  9 killer bees
  5 wights (D:15)
  8 howler monkeys
  An electric eel (Snake:3)
  5 lava snakes (D:14)
  7 crimson imps
  2 quasits
  4 centaur skeletons
  A jelly (D:10)
  36 orc priests
  5 hounds
  25 orc wizards
  Crazy Yiuf (D:5)
  A gnoll shaman (D:5)
  7 iguanas
  Natasha (thrice) (D:3)
  8 worker ants
  A hound skeleton (D:10)
  14 gnolls
  13 adders
  6 shadow imps
  An ooze (D:3)
  2 adder skeletons
  5 worms
  A ball lightning (Snake:3)
  4 dart slugs
  5 leopard geckos
  112 orcs
  6 giant cockroaches
  9 goblins
  7 hobgoblins
  6 jackals
  5 quokkas
  9 bats
  6 frilled lizards
  16 kobolds
  9 rats
  A fire vortex (D:14)
  2 fungi
  12 plants
1486 creatures vanquished.

Vanquished Creatures (collateral kills)
  Saint Roka (Depths:3)
  A nagaraja (Snake:4)
  Roxanne (D:14)
  2 merfolk javelineers
  A mummy priest (WizLab)
  A merfolk impaler (Shoals:2)
  A naga warrior (Snake:3)
  An ice dragon (IceCv)
  A shock serpent (Snake:2)
  A salamander mystic (Snake:1)
  An unseen horror (D:14)
  A sea snake (Shoals:2)
  2 ugly things (D:11)
  6 salamanders
  2 black mambas (Snake:4)
  A rust devil (Depths:1)
  A naga mage (Snake:4)
  A merfolk (Shoals:2)
  A deep troll zombie (WizLab)
  A hornet (Lair:6)
  An ettin zombie (WizLab)
  A hippogriff (Lair:6)
  3 flying skulls (Depths:1)
  2 spriggans (Lair:6)
  A fire bat (Lair:6)
  7 yaks
  A naga (Snake:4)
  A hell hound (D:14)
  2 wolves (Lair:6)
  A crocodile (Lair:6)
  A hound (D:8)
49 creatures vanquished.

Vanquished Creatures (others)
  2 fire giants
  A satyr (Shoals:3)
  A cyclops (Shoals:3)
  A faun (Shoals:4)
  A black mamba (Snake:4)
  A yaktaur (Depths:2)
  A naga (Snake:3)
  A crimson imp (D:8)
  A gnoll (D:7)
  2410 foxfires
  5 fungi (Lair:6)
  8 plants
2433 creatures vanquished.

Grand Total: 3968 creatures vanquished

Notes
Turn   | Place    | Note
-------+----------+-------------------------------------------
     0 | D:1      | kipponium the Demonspawn Fire Elementalist began the quest
                  | for the Orb.
     0 | D:1      | Reached XP level 1. HP: 13/13 MP: 3/3
   272 | D:1      | Gained mutation: Your flesh is heat resistant. (rF+)
                  | [demonic ancestry]
   272 | D:1      | Reached XP level 2. HP: 19/19 MP: 1/5
   660 | D:1      | Reached XP level 3. HP: 23/24 MP: 4/6
  1064 | D:2      | Found a basalt altar of Yredelemnul.
  1138 | D:2      | Learned a level 3 spell: Inner Flame
  1230 | D:2      | Reached XP level 4. HP: 30/30 MP: 4/8
  1568 | D:2      | Learned a level 3 spell: Conjure Flame
  1574 | D:3      | Noticed Natasha
  1959 | D:3      | Killed Natasha
  2196 | D:3      | Noticed Natasha
  2199 | D:3      | Killed Natasha
  2199 | D:3      | Reached XP level 5. HP: 29/35 MP: 3/10
  2306 | D:3      | Noticed Natasha
  2324 | D:3      | HP: 1/35 [cloud of flame (9)]
  2324 | D:3      | Killed Natasha
  3025 | D:4      | Gained mutation: You have sharp fingernails. [demonic
                  | ancestry]
  3025 | D:4      | Reached XP level 6. HP: 37/41 MP: 2/12
  3114 | D:4      | Found an opulent altar of Gozag.
  3163 | D:4      | Noticed Sigmund
  3584 | D:4      | Killed Sigmund
  3584 | D:4      | Gained mutation: You are immune to clouds of flame.
                  | [demonic ancestry]
  3584 | D:4      | Reached XP level 7. HP: 46/46 MP: 5/14
  3602 | D:4      | Reached skill level 5 in Fire Magic
  3682 | D:4      | Reached skill level 1 in Hexes
  3714 | D:4      | Reached skill level 5 in Spellcasting
  3873 | D:4      | Found a glowing golden altar of the Shining One.
  3875 | D:4      | Found an ancient bone altar of Kikubaaqudgha.
  3875 | D:4      | Found a radiant altar of Vehumet.
  3915 | D:4      | Found a shimmering altar of Xom.
  3915 | D:4      | Found an opulent altar of Gozag.
  3915 | D:4      | Found a stormy altar of Qazlal.
  4527 | D:5      | Entered Level 5 of the Dungeon
  4610 | D:5      | Learned a level 4 spell: Sticky Flame
  4633 | D:5      | Found a shattered altar of Ashenzari.
  4677 | D:5      | Reached XP level 8. HP: 52/52 MP: 9/15
  4729 | D:5      | Found an ancient bone altar of Kikubaaqudgha.
  4754 | D:5      | Noticed Prince Ribbit
  4762 | D:5      | Killed Prince Ribbit
  4762 | D:5      | Reached skill level 5 in Conjurations
  5132 | D:5      | Found a shimmering blue altar of Sif Muna.
  5202 | D:5      | Found Iclob's Antique Armour Shoppe.
  5276 | D:5      | Found a runed translucent door.
  5277 | D:5      | Noticed Crazy Yiuf
  5288 | D:5      | Killed Crazy Yiuf
  5565 | D:6      | Found a staircase to the Ecumenical Temple.
  5574 | Temple   | Entered the Ecumenical Temple
  5661 | Temple   | Became a worshipper of Nemelex Xobeh the Trickster
  5960 | D:6      | Received a gift from Nemelex Xobeh
  6045 | D:6      | Found a glowing silver altar of Zin.
  6234 | D:6      | Found a shadowy altar of Dithmenos.
  6987 | D:7      | Gained mutation: You have large cloven feet. [demonic
                  | ancestry]
  6987 | D:7      | Reached XP level 9. HP: 44/57 MP: 8/16
  7442 | D:7      | Found an iron altar of Okawaru.
  7709 | D:7      | Reached skill level 1 in Short Blades
  7974 | D:7      | Learned a level 5 spell: Fireball
  8032 | D:7      | Reached skill level 10 in Fire Magic
  8520 | D:7      | Reached skill level 1 in Fighting
  8787 | D:8      | Found a stormy altar of Qazlal.
  9041 | D:8      | Reached XP level 10. HP: 66/66 MP: 13/17
  9296 | D:8      | Noticed Harold
  9304 | D:8      | Killed Harold
  9550 | D:8      | Reached * piety under Nemelex Xobeh
  9853 | D:8      | Noticed Pikel
  9864 | D:8      | Identified the -2 hand axe of Discomfort {elec, rN+ MR+}
  9879 | D:8      | Killed Pikel
 10005 | D:8      | Noticed Gastronok
 10015 | D:8      | Killed Gastronok
 10206 | D:9      | Gained mutation: You have a pair of small antennae on your
                  | head. [demonic ancestry]
 10206 | D:9      | Reached XP level 11. HP: 73/76 MP: 12/18
 10807 | D:9      | Reached ** piety under Nemelex Xobeh
 10890 | D:9      | Received a gift from Nemelex Xobeh
 10991 | D:9      | Reached skill level 5 in Dodging
 11409 | D:10     | Entered Level 10 of the Dungeon
 11862 | D:10     | Noticed a brown ugly thing
 12164 | D:10     | Received a gift from Nemelex Xobeh
 12387 | D:10     | Reached skill level 5 in Short Blades
 13547 | D:11     | Noticed Psyche
 13573 | D:11     | Noticed a two-headed ogre
 13585 | D:11     | Killed a red ugly thing
 13585 | D:11     | Reached skill level 5 in Fighting
 13585 | D:11     | Killed a two-headed ogre
 14366 | D:11     | Killed Psyche
 14536 | D:11     | Noticed a green ugly thing
 14538 | D:11     | Noticed a cyan ugly thing
 14539 | D:11     | Noticed a white ugly thing
 14546 | D:11     | Killed a green ugly thing
 14546 | D:11     | Gained mutation: Your demonic aura causes spilled blood to
                  | erupt in flames. [demonic ancestry]
 14546 | D:11     | Reached XP level 12. HP: 75/87 MP: 9/19
 14991 | D:11     | Reached *** piety under Nemelex Xobeh
 14991 | D:11     | Received a gift from Nemelex Xobeh
 15025 | D:11     | Found a staircase to the Lair.
 15478 | D:11     | Found a staircase to the Orcish Mines.
 15784 | D:12     | Noticed Urug
 15797 | D:12     | Killed Urug
 15910 | D:12     | Noticed Josephine
 15916 | D:12     | Killed Josephine
 15933 | D:12     | HP: 3/89 [wraith[Josephine] (3)]
 16863 | D:12     | Received a gift from Nemelex Xobeh
 17074 | D:13     | Noticed a centaur warrior
 17081 | D:13     | Killed a centaur warrior
 17364 | D:13     | Noticed a centaur warrior
 17480 | Lair:1   | Entered Level 1 of the Lair of Beasts
 17674 | Lair:1   | Received a gift from Nemelex Xobeh
 18559 | Lair:2   | Found the amulet of the Four Winds {rN+ MR+++ Clar}
 18944 | Lair:2   | Reached **** piety under Nemelex Xobeh
 19183 | Lair:2   | You fall into a shaft and drop 2 floors!
 19191 | Lair:4   | Received a gift from Nemelex Xobeh
 19266 | Lair:4   | You fall into a shaft and drop 2 floors!
 19266 | Lair:6   | Entered Level 6 of the Lair of Beasts
 19273 | Lair:6   | Gained mutation: You have a pair of antennae on your head.
                  | [demonic ancestry]
 19273 | Lair:6   | Reached XP level 13. HP: 96/96 MP: 13/20
 19649 | Lair:6   | Found a frozen archway.
 19788 | IceCv    | Entered an ice cave
 20424 | IceCv    | Reached skill level 1 in Invocations
 20623 | IceCv    | Received a gift from Nemelex Xobeh
 20806 | IceCv    | Got a glittering marble ring
 20821 | IceCv    | Got a smoking iron ring
 20825 | IceCv    | Got a shimmering glass ring
 20829 | IceCv    | Identified the ring "Koggi" {rC+ Int+2} (You found it in an
                  | ice cave)
 20831 | IceCv    | Identified the ring "Xadiwk" {Fire rPois Str-3 Int+6} (You
                  | found it in an ice cave)
 20833 | IceCv    | Identified the ring of Fial {MR+ MP+9 Int+4} (You found it
                  | in an ice cave)
 21037 | Lair:5   | Learned a level 5 spell: Bolt of Magma
 21503 | Lair:4   | Reached skill level 1 in Earth Magic
 21628 | Lair:4   | Found a staircase to the Shoals.
 21697 | Lair:3   | Received a gift from Nemelex Xobeh
 21826 | Lair:3   | Got an ichor-stained leather armour
 21846 | Lair:3   | Identified the +2 leather armour "Xuvuoq" {Str+4 Int+4}
                  | (You found it on level 3 of the Lair of Beasts)
 22335 | Lair:3   | Reached ***** piety under Nemelex Xobeh
 22422 | Lair:3   | Received a gift from Nemelex Xobeh
 22658 | Lair:3   | Received a gift from Nemelex Xobeh
 23441 | Lair:4   | Received a gift from Nemelex Xobeh
 23704 | Lair:4   | Found a staircase to the Snake Pit.
 24270 | Lair:5   | Reached skill level 15 in Fire Magic
 25036 | Lair:5   | Received a gift from Nemelex Xobeh
 25400 | Lair:6   | Gained mutation: When hurt, damage is shared between your
                  | health and your magic reserves. [demonic ancestry]
 25400 | Lair:6   | Reached XP level 14. HP: 47/106 MP: 16/21
 25727 | Lair:6   | Reached skill level 5 in Invocations
 26030 | Lair:6   | Reached skill level 10 in Dodging
 26820 | Lair:6   | Found a staircase to the Slime Pits.
 26821 | Lair:6   | Found a viscous altar of Jiyva.
 26903 | Lair:6   | Received a gift from Nemelex Xobeh
 27609 | Orc:1    | Entered Level 1 of the Orcish Mines
 28083 | Orc:1    | Received a gift from Nemelex Xobeh
 28316 | Orc:1    | Reached ****** piety under Nemelex Xobeh
 28453 | Orc:2    | Entered Level 2 of the Orcish Mines
 28819 | Orc:2    | Found Igigoum's Gadget Shoppe.
 28871 | Orc:2    | Found a staircase to the Elven Halls.
 29031 | Orc:2    | Received a gift from Nemelex Xobeh
 29541 | Orc:2    | Learned a level 6 spell: Starburst
 29858 | Orc:2    | Found a roughly hewn altar of Beogh.
 29867 | Orc:2    | Found Dicaaj's Jewellery Shoppe.
 29867 | Orc:2    | Found Okhugyof's Antique Armour Boutique.
 29873 | Orc:2    | Bought a bloodstained robe for 131 gold pieces
 29883 | Orc:2    | Identified the cursed +0 robe "Xounk" {rElec rPois} (You
                  | bought it in a shop on level 2 of the Orcish Mines)
 29956 | Orc:2    | Bought a cursed -4 ring of slaying for 32 gold pieces
 29956 | Orc:2    | Bought a cursed -2 ring of strength for 32 gold pieces
 29956 | Orc:2    | Bought a cursed amulet of inaccuracy for 32 gold pieces
 29991 | Orc:2    | Found Nakkext's Antique Weapon Shoppe.
 29991 | Orc:2    | Found Vune's Food Boutique.
 30005 | Orc:2    | Bought a ration for 55 gold pieces
 30005 | Orc:2    | Bought a ration for 55 gold pieces
 30005 | Orc:2    | Bought a ration for 55 gold pieces
 30005 | Orc:2    | Bought a ration for 55 gold pieces
 30005 | Orc:2    | Bought a ration for 55 gold pieces
 30005 | Orc:2    | Bought a ration for 55 gold pieces
 30005 | Orc:2    | Bought a ration for 55 gold pieces
 30458 | Orc:2    | Bought a scorched leather armour for 161 gold pieces
 30458 | Orc:2    | Bought a pair of runed gloves for 172 gold pieces
 30478 | Orc:2    | Identified the +1 leather armour "Kiogu" {rF+ rN+ Str+3}
                  | (You bought it in a shop on level 2 of the Orcish Mines)
 30720 | Snake:1  | Entered Level 1 of the Snake Pit
 30770 | Snake:1  | Received a gift from Nemelex Xobeh
 31057 | Snake:1  | Noticed Agnes
 31078 | Snake:1  | Killed Agnes
 31078 | Snake:1  | Reached skill level 10 in Fighting
 31535 | Snake:1  | Found a shattered altar of Ashenzari.
 31607 | Snake:1  | Reached skill level 5 in Stealth
 31877 | Snake:1  | Reached XP level 15. HP: 58/115 MP: 16/28
 32078 | Snake:1  | Received a gift from Nemelex Xobeh
 32080 | Snake:1  | Found Rahit's Weapon Shop.
 33393 | Snake:2  | Reached skill level 10 in Spellcasting
 33414 | Snake:2  | Received a gift from Nemelex Xobeh
 34062 | Snake:2  | Received a gift from Nemelex Xobeh
 34091 | Snake:2  | Reached skill level 1 in Shields
 34277 | Snake:2  | Received a gift from Nemelex Xobeh
 34474 | Snake:2  | Found Eciliasi's Jewellery Shop.
 34474 | Snake:2  | Found Atiudig's Gadget Emporium.
 34475 | Snake:2  | Found Misusil's Jewellery Shop.
 34480 | Snake:2  | Bought a cursed ring of attention for 58 gold pieces
 34686 | Snake:3  | Noticed Nikola
 35574 | Snake:3  | Found Aguul's General Store.
 35574 | Snake:3  | Found Dungev Ymihi's Antique Armour Shop.
 35576 | Snake:3  | Found Orusmang's Food Boutique.
 35576 | Snake:3  | Noticed Donald
 35578 | Snake:3  | Noticed a nagaraja
 35580 | Snake:3  | Killed Donald
 35583 | Snake:3  | Killed a nagaraja
 35584 | Snake:3  | Found Yhehopot's Gadget Shop.
 35587 | Snake:3  | Bought a ration for 60 gold pieces
 35587 | Snake:3  | Bought a ration for 60 gold pieces
 35587 | Snake:3  | Bought a ration for 60 gold pieces
 35587 | Snake:3  | Bought a ration for 60 gold pieces
 35587 | Snake:3  | Bought a ration for 60 gold pieces
 35587 | Snake:3  | Bought a ration for 60 gold pieces
 35587 | Snake:3  | Bought a ration for 60 gold pieces
 35587 | Snake:3  | Bought a ration for 60 gold pieces
 35587 | Snake:3  | Bought a ration for 60 gold pieces
 35629 | Snake:3  | Noticed Mara
 35643 | Snake:3  | Identified the +2 trident of the Fox {vamp, Str+4}
 35657 | Snake:3  | Killed Mara
 35668 | Snake:3  | HP: 2/119 [shock serpent/bolt of electricity (15)]
 36163 | Snake:3  | Killed Nikola
 36534 | Snake:3  | Gained mutation: You have hoof-like feet. [demonic
                  | ancestry]
 36534 | Snake:3  | Reached XP level 16. HP: 80/125 MP: 17/30
 36890 | Snake:3  | Received a gift from Nemelex Xobeh
 37193 | Snake:3  | Reached skill level 1 in Unarmed Combat
 37729 | Snake:4  | Entered Level 4 of the Snake Pit
 37729 | Snake:4  | Received a gift from Nemelex Xobeh
 38168 | Snake:4  | Noticed Vashnia
 38547 | Snake:4  | Received a gift from Nemelex Xobeh
 39006 | Snake:4  | Reached skill level 10 in Conjurations
 39636 | Snake:4  | Received a gift from Nemelex Xobeh
 40104 | Snake:4  | Reached skill level 5 in Shields
 40105 | Snake:4  | HP: 2/127 [Vashnia/arrow (10)]
 40705 | Snake:4  | Killed Vashnia
 41877 | Snake:4  | Reached skill level 5 in Unarmed Combat
 42675 | Snake:4  | Gained mutation: You have very sharp fingernails. [demonic
                  | ancestry]
 42675 | Snake:4  | Reached XP level 17. HP: 101/133 MP: 15/31
 43381 | Snake:4  | HP: 6/133 [anaconda (2)]
 43997 | Snake:4  | Reached skill level 10 in Stealth
 44918 | Snake:4  | Got a serpentine rune of Zot
 45774 | D:13     | Received a gift from Nemelex Xobeh
 45776 | D:13     | Found a gate to the Vaults.
 45795 | D:13     | Got a steaming leather armour
 46117 | D:12     | Identified the +5 leather armour of Cowardice {*Drain
                  | +Blink rElec rN+} (You found it on level 13 of the Dungeon)
 46910 | D:14     | Identified the +5 executioner's axe of Wafimuf {speed,
                  | Int+2 Dex+4}
 47312 | D:14     | Received a gift from Nemelex Xobeh
 47322 | D:14     | Identified Roxanne's Catalogue of Shape Shifting
 47322 | D:14     | Noticed Roxanne
 47342 | D:14     | Killed Roxanne
 47342 | D:14     | Reached skill level 10 in Shields
 48293 | D:15     | Entered Level 15 of the Dungeon
 48371 | D:15     | Gained mutation: You regenerate magic rapidly. [demonic
                  | ancestry]
 48371 | D:15     | Reached XP level 18. HP: 140/140 MP: 32/32
 48829 | D:15     | Received a gift from Nemelex Xobeh
 49340 | D:15     | Found a staircase to the Depths.
 49893 | Shoals:1 | Entered Level 1 of the Shoals
 49893 | Shoals:1 | Received a gift from Nemelex Xobeh
 50370 | Shoals:1 | Reached skill level 10 in Short Blades
 50472 | Shoals:1 | You fall into a shaft and drop 1 floor!
 50477 | Shoals:2 | Received a gift from Nemelex Xobeh
 50652 | Shoals:2 | Identified the +2 long sword "Geogg" {protect, MP+9}
 50960 | Shoals:2 | Noticed Ilsuiw
 50982 | Shoals:2 | Killed Ilsuiw
 50987 | Shoals:2 | Identified the +2 long sword of Abomination {drain, +Blink
                  | Str+3}
 51454 | Shoals:2 | Learned a level 2 spell: Blink
 52530 | Shoals:1 | Received a gift from Nemelex Xobeh
 52870 | Shoals:3 | Noticed Polyphemus
 52891 | Shoals:3 | Killed Polyphemus
 54216 | Shoals:3 | Received a gift from Nemelex Xobeh
 54277 | Shoals:4 | Entered Level 4 of the Shoals
 55201 | Shoals:4 | Received a gift from Nemelex Xobeh
 55379 | Shoals:4 | Gained mutation: When low on magic, you restore magic in
                  | place of health. [demonic ancestry]
 55379 | Shoals:4 | Reached XP level 19. HP: 140/147 MP: 16/33
 55595 | Shoals:4 | Learned a level 3 spell: Regeneration
 55762 | Shoals:4 | Identified the amulet "Liqic" {RegenMP Dex+5}
 56108 | Shoals:4 | Got a barnacled rune of Zot
 56611 | Shoals:4 | Received a gift from Nemelex Xobeh
 57246 | Depths:1 | Entered Level 1 of the Depths
 57323 | Depths:1 | Found a gateway to Hell.
 57748 | Depths:1 | Reached skill level 1 in Necromancy
 58700 | Depths:1 | Received a gift from Nemelex Xobeh
 59100 | Depths:1 | Found a gateway to a ziggurat.
 59575 | Depths:2 | Received a gift from Nemelex Xobeh
 59672 | Depths:2 | Found a one-way gate to the infinite horrors of the Abyss.
 60214 | Depths:2 | Identified the -2 hand axe of Subjectivity {drain, +Rage
                  | rElec rC- Int+2 SInv}
 60241 | Depths:2 | Reached skill level 10 in Unarmed Combat
 61212 | Depths:2 | Reached skill level 1 in Charms
 62342 | Depths:2 | Reached skill level 15 in Shields
 62397 | Depths:2 | Received a gift from Nemelex Xobeh
 62467 | Depths:3 | Found a magical portal.
 62579 | WizLab   | Gained mutation: You have hooves in place of feet. [demonic
                  | ancestry]
 62579 | WizLab   | Reached XP level 20. HP: 142/158 MP: 34/34
 62713 | WizLab   | Noticed an ancient lich
 63333 | WizLab   | Killed an ancient lich
 63752 | Depths:3 | Identified a scroll of acquirement
 63897 | Depths:3 | Noticed Saint Roka
 64563 | Depths:3 | Received a gift from Nemelex Xobeh
 65504 | Depths:3 | Found a runed translucent gate.
 65504 | Depths:3 | Found a runed translucent gate.
 65504 | Depths:3 | Found a runed translucent gate.
 65505 | Depths:3 | Found an opulent altar of Gozag.
 65505 | Depths:3 | Found Leuphof's Assorted Antiques.
 65512 | Depths:3 | Noticed Nedwecyt's ghost (journeyman DsAs)
 66601 | Depths:3 | Found a one-way gate leading to the halls of Pandemonium.
 66701 | Depths:3 | Received a gift from Nemelex Xobeh
 66791 | Depths:3 | Killed Saint Roka
 67160 | Depths:4 | Received a gift from Nemelex Xobeh
 68411 | Depths:4 | Reached skill level 15 in Fighting
 68600 | Depths:4 | Gained mutation: You have a pair of large antennae on your
                  | head. (SInv) [demonic ancestry]
 68600 | Depths:4 | Reached XP level 21. HP: 153/168 MP: 10/38
 68918 | Depths:4 | Received a gift from Nemelex Xobeh
 70093 | Depths:4 | Identified the ring of Elaxeruo {*Tele Int+3 Dex+7}
 70656 | Depths:4 | HP: 8/169 [spriggan air mage/the air (13)]
 70658 | Depths:4 | Killed from afar by a spriggan air mage

Levels and vault maps discovered:
D:1:      matt_arrival_los_fun, layout_rooms, chequers_serial_rivers_micro_e
D:2:      layout_basic, lemuel_crystal_altar
D:3:      layout_rooms, first_ration, minmay_door_square, uniq_natasha
D:4:      layout_gridville, doesnt_xom_only_xom, grunt_gozag_statues,
          uniq_sigmund
D:5:      layout_rooms, old_standard_altar, kiku_gazebo_pond_becter,
          lemuel_round_altar, serial_shops, nicolae_shop_stone,
          uniq_crazy_yiuf_cottage, uniq_prince_ribbit1
D:6:      layout_basic, kennysheep_mini_moat, old_standard_altar,
          minmay_temple_entry_stoned_glass, grunt_ministairs_10
D:7:      layout_rooms, the_bakery, st_stairs_3, okawaru_trees_2
D:8:      layout_gridville, grunt_qazlal_sundering, uniq_pikel, uniq_harold,
          uniq_gastronok
D:9:      layout_stronghold
D:10:     layout_roguey
D:11:     layout_cave_pools, dpeg_oklobed_lair, david_orc_4,
          gauntlet_entry_generic, uniq_psyche
D:12:     layout_rooms, minivault_19, uniq_urug, uniq_josephine
D:13:     layout_cave_pools, david_vaults_2
D:14:     layout_basic, special_room [special_room_mythical_zoo], minivault_24,
          laboratory, uniq_roxanne
D:15:     grunt_enter_depths_hoard, layout_basic, hangedman_decor_lopped,
          eino_tiny_chamber
Temple:   eino_temple_lava
Lair:1:   layout_loops_ring
Lair:2:   layout_cave_pods, infiniplex_staircase_pool, grunt_megastairs_3
Lair:3:   layout_cave_pods
Lair:4:   layout_small_grid, shoals_dummy_entry, guppyfry_snake_entry_garden,
          serial_rivers, chequers_serial_rivers_small_3,
          chequers_serial_rivers_marsh, chequers_serial_rivers_small_3,
          chequers_serial_rivers_large_a, chequers_serial_rivers_small_a
Lair:5:   layout_loops_ring, grunt_megastairs_5, infiniplex_staircase_pool_2
Lair:6:   minmay_lair_end_enchanted_forest, layout_gridlike, slime_altar_1,
          portal_ice_cave_entry_pillars_1
Shoals:1: cheibrodos_shoals_baths, layout_shoals, ldierk_geyser
Shoals:2: layout_shoals, nicolae_shoals_isolated_beach, uniq_ilsuiw
Shoals:3: layout_shoals, uniq_polyphemus
Shoals:4: shoals_end_grunt_ice, layout_shoals, nicolae_shoals_circle_sea_wall
Snake:1:  layout_gridlike, basic_altar, serial_shops, nicolae_shop_stone,
          nrook_loot_triangle, uniq_agnes
Snake:2:  layout_layer_cave, st_stairs_9, minmay_shop_grove
Snake:3:  layout_misc_corridors, abandoned_shop, nicolae_coiled_stairwell_up,
          minmay_shoptagon, serial_bayou_shore_a, grunt_megastairs_2,
          uniq_donald, uniq_mara, uniq_nikola
Snake:4:  grunt_snake_rune_serpentine_throne, layout_basic,
          nicolae_snake_shapes, uniq_vashnia
Orc:1:    layout_caves
Orc:2:    st_orc_town, layout_diamond_mine, serial_shops,
          nicolae_shop_statue_plus, nicolae_orc_pool_cavern,
          nicolae_orc_lava_room
Depths:1: layout_cave_pools, enter_ziggurat_d, chequers_serial_rivers_room_b,
          grunt_mini_vestibule, kennysheep_small_square
Depths:2: hangedman_arrow_trap, layout_basic, minmay_misc_feat_room, hell_entry,
          abyss_entry, infiniplex_staircase_zigzag_1
Depths:3: minmay_octagon_keep, layout_basic, infiniplex_enter_wizlab_glasses,
          ebering_ghost_gozag, nicolae_sextant, hell_entry,
          rand_demon_pan_entry_1, infiniplex_staircase_pool_1, uniq_saint_roka
Depths:4: minmay_the_grid_octo_tiled_octocenter_mashed
          [minmay_the_grid_octo_clover_2, minmay_the_grid_octo_vomiting_pacman,
          minmay_the_grid_octo_focus, minmay_the_grid_octo_tetromino_candy,
          minmay_the_grid_octo_prize_big_c,
          minmay_the_grid_square_5x5_three_small,
          minmay_the_grid_square_5x5_corner, minmay_the_grid_square_5x5_inset,
          minmay_the_grid_square_5x5_almost_minimal], layout_basic, hellmouth_1,
          roderic_lattice_a, abyss_entry

Skill      XL: |  1  2  3  4  5  6  7  8  9 10 11 12 13 14 15 16 17 18 19 20 21 |
---------------+----------------------------------------------------------------+-----
Fire Magic     | 3 4 6 8 10 11 13 14 15 | 15.0
Spellcasting   | 3 4 5 9 10 13 14 | 14.0
Conjurations   | 2 3 4 5 8 10 | 10.0
Hexes          | 1 2 |  2.0
Dodging        | 3 4 6 8 9 10 | 10.3
Short Blades   | 2 4 6 7 9 10 | 10.0
Fighting       | 1 3 5 7 8 10 11 12 13 15 | 15.4
Stealth        | 2 3 5 7 9 10 | 10.0
Invocations    | 4 6 9 |  9.3
Earth Magic    | 2 3 |  3.0
Shields        | 4 6 10 13 15 | 15.0
Unarmed Combat | 5 7 9 10 | 10.0
Necromancy     | 2 |  2.0
Charms         | 2 |  2.0

Action                   |  1- 3 |  4- 6 |  7- 9 | 10-12 | 13-15 | 16-18 | 19-21 || total
-------------------------+-------+-------+-------+-------+-------+-------+-------++-------
Melee: Dagger            |    21 |    14 |    91 |   304 |   595 |   923 |   679 ||  2627
       Kick              |       |       |       |       |       |       |   119 ||   119
Throw: Dart              |       |       |     2 |       |       |       |       ||     2
 Cast: Foxfire           |    53 |    64 |   241 |   429 |   413 |   201 |    17 ||  1418
       Inner Flame       |       |     3 |    10 |    21 |    29 |    30 |    21 ||   114
       Conjure Flame     |       |     4 |     9 |    17 |       |     1 |     6 ||    37
       Sticky Flame      |       |       |    12 |    48 |   103 |   148 |    87 ||   398
       Fireball          |       |       |       |     7 |    58 |    88 |    40 ||   193
       Bolt of Magma     |       |       |       |       |    23 |    90 |   210 ||   323
       Starburst         |       |       |       |       |     1 |     1 |    11 ||    13
       Regeneration      |       |       |       |       |       |       |     3 ||     3
       Blink             |       |       |       |       |       |       |     1 ||     1
Invok: Triple Draw       |       |       |       |     1 |       |       |       ||     1
       Stack Five        |       |       |       |       |       |     1 |       ||     1
 Abil: Draw Destruction  |       |       |     1 |     7 |    23 |    19 |    17 ||    67
       Draw Summoning    |       |       |       |     7 |    15 |    12 |    18 ||    52
       Draw Escape       |       |       |       |     3 |     2 |     6 |     1 ||    12
Evoke: Wand              |       |       |       |     3 |     1 |     6 |     5 ||    15
  Use: Scroll            |       |       |     9 |    15 |    20 |    12 |     6 ||    62
       Potion            |       |       |       |     4 |     4 |     7 |     5 ||    20
 Stab: Distracted        |       |       |       |     1 |     3 |     1 |     4 ||     9
       Sleeping          |       |       |       |       |     4 |    22 |     8 ||    34
       Invisible         |       |       |       |       |       |     4 |       ||     4
       Petrifying        |       |       |       |       |       |     2 |       ||     2
  Eat: Chunk             |     1 |     7 |    16 |    31 |    44 |    43 |    27 ||   169
       Ration            |       |       |     2 |     3 |     8 |     9 |     9 ||    31
Armor: Robe              |     6 |    11 |    27 |    77 |   125 |   143 |    97 ||   486
       Leather armour    |       |       |       |     4 |       |       |       ||     4
Dodge: Dodged            |    18 |    28 |    92 |   250 |   562 |   583 |   292 ||  1825
Block: Buckler           |       |       |       |       |     8 |    84 |       ||    92
       Shield            |       |       |       |       |       |   325 |   395 ||   720
       Reflection        |       |       |       |       |       |    51 |    28 ||    79

Table legend:
 A = Non-vault XP
 B = Vault XP
 C = Vault XP percentage of total XP
 D = Non-vault monster count
 E = Vault monster count
 F = Vault count percentage of total count
                 A         B        C        D         E       F
            +---------+---------+-------+---------+---------+-------
      Total |  373795 |  251660 |  40.2 |    1089 |     436 |  28.6
            +---------+---------+-------+---------+---------+-------
        D:1 |      47 |       0 |   0.0 |      27 |       0 |   0.0
        D:2 |      66 |       0 |   0.0 |      18 |       0 |   0.0
        D:3 |     104 |      36 |  25.7 |      18 |       1 |   5.3
        D:4 |     741 |     227 |  23.5 |      28 |       1 |   3.4
        D:5 |     452 |     296 |  39.6 |      18 |       2 |  10.0
        D:6 |     770 |       0 |   0.0 |      14 |       0 |   0.0
        D:7 |    1833 |     430 |  19.0 |      41 |       3 |   6.8
        D:8 |    1959 |    3871 |  66.4 |      31 |       3 |   8.8
        D:9 |    1398 |       0 |   0.0 |      25 |       0 |   0.0
       D:10 |    3840 |       0 |   0.0 |      48 |       0 |   0.0
       D:11 |    7155 |    1848 |  20.5 |      43 |      19 |  30.6
       D:12 |    3137 |    2688 |  46.1 |      11 |       6 |  35.3
       D:13 |   14669 |    1690 |  10.3 |      36 |       3 |   7.7
       D:14 |   10590 |   14252 |  57.4 |      45 |      38 |  45.8
       D:15 |   18695 |    2069 |  10.0 |      57 |       2 |   3.4
     Lair:1 |    1782 |       0 |   0.0 |      11 |       0 |   0.0
     Lair:2 |    3856 |     814 |  17.4 |      21 |       4 |  16.0
     Lair:3 |    1844 |       0 |   0.0 |      11 |       0 |   0.0
     Lair:4 |    6984 |     322 |   4.4 |      27 |       2 |   6.9
     Lair:5 |    4743 |     429 |   8.3 |      19 |       3 |  13.6
     Lair:6 |   12517 |    7698 |  38.1 |      45 |      41 |  47.7
   Shoals:1 |   13002 |    2313 |  15.1 |      26 |       6 |  18.8
   Shoals:2 |   13954 |    7384 |  34.6 |      28 |      11 |  28.2
   Shoals:3 |   14416 |    4105 |  22.2 |      32 |       3 |   8.6
   Shoals:4 |    8649 |   24169 |  73.6 |      18 |      32 |  64.0
    Snake:1 |   10630 |    2230 |  17.3 |      26 |       2 |   7.1
    Snake:2 |   21416 |     163 |   0.8 |      43 |       1 |   2.3
    Snake:3 |   20417 |   19153 |  48.4 |      32 |      11 |  25.6
    Snake:4 |   28786 |   54462 |  65.4 |      58 |      72 |  55.4
      Orc:1 |    2040 |       0 |   0.0 |      25 |       0 |   0.0
      Orc:2 |    4727 |    6914 |  59.4 |      40 |      53 |  57.0
   Depths:1 |   24005 |    9395 |  28.1 |      41 |      13 |  24.1
   Depths:2 |   29369 |   15404 |  34.4 |      35 |      12 |  25.5
   Depths:3 |   47111 |   17796 |  27.4 |      46 |      26 |  36.1
   Depths:4 |   38091 |   31310 |  45.1 |      45 |      28 |  38.4
      IceCv |       0 |    5059 | 100.0 |       0 |      20 | 100.0
     WizLab |       0 |   15133 | 100.0 |       0 |      18 | 100.0
            +---------+---------+-------+---------+---------+-------
